 Dungeon Crawl Stone Soup version 0.30-a0-802-gb92711bcdf (webtiles) character file.

Game seed: 18007032413973776881

3448 mandoloar the Geomancer (level 10, -19/61 HPs)
             Began as a Gargoyle Earth Elementalist on Feb 22, 2023.
             Was an Initiate of Vehumet.
             Killed from afar by Maggie (23 damage)
             ... with a bolt of fire
             ... on level 8 of the Dungeon on Feb 23, 2023.
             The game lasted 00:28:24 (12243 turns).

mandoloar the Geomancer (GrEE)                     Turns: 12243, Time: 00:28:25

Health: -19/61     AC: 17    Str: 13    XL:     10   Next: 6%
Magic:  10/19      EV: 11    Int: 19    God:    Vehumet [......]
Gold:   378        SH:  0    Dex: 10    Spells: 17/21 levels left

rFire   . . .      SeeInvis .    a - +0 flail
rCold   . . .      Faith    .    (no shield)
rNeg    + . .      Spirit   .    r - +0 steam dragon scales
rPois   ∞          Reflect  .    d - +1 helmet
rElec   +          Harm     .    b - +0 cloak
rCorr   .          Rampage  .    (no gloves)
Will    .....                    (no boots)
Stlth   ++                       (no amulet)
HPRegen 0.30/turn                (no ring)
MPRegen 0.16/turn                (no ring)

@: no status effects
A: sickness immunity, AC +7, negative energy resistance 1, electricity
resistance, torment resistance 1, petrification resistance
a: Renounce Religion


You were on level 8 of the Dungeon.
You worshipped Vehumet.
Vehumet was noncommittal.
You visited 2 branches of the dungeon, and saw 9 of its levels.

You collected 378 gold pieces.

Inventory:

Hand Weapons
 a - a +0 flail (weapon)
Armour
 b - a +0 cloak (worn)
 d - a +1 helmet (worn)
 g - a +0 leather armour of cold resistance
 r - +0 steam dragon scales (worn)
Magical Staves
 q - a staff of cold
Wands
 i - a wand of roots (11)
 o - a wand of polymorph (5)
Scrolls
 h - a scroll of poison
 n - a scroll of identify
 s - a scroll of enchant weapon {unknown}
Potions
 c - 5 potions of curing
 e - 2 potions of attraction
 f - a potion of haste
 j - 4 potions of degeneration {unknown}
 k - a potion of resistance
 l - a potion of cancellation {unknown}
 m - 6 potions of flight {unknown}
 p - 3 potions of heal wounds {unknown}


   Skills:
 + Level 6.8 Fighting
 + Level 6.6 Armour
 - Level 1.5 Dodging
 - Level 2.1 Stealth
 + Level 6.1 Spellcasting
 + Level 6.4 Conjurations
 - Level 0.7 Transmutations
 + Level 8.4 Earth Magic


You had 17 spell levels left.
You knew the following spells:

 Your Spells              Type           Power      Damage    Failure   Level
a - Sandblast             Erth           76%        2d16      1%          1
b - Stone Arrow           Conj/Erth      68%        3d11      1%          3

Your spell library contained the following spells:

 Spells                   Type           Power      Damage    Failure   Level
 Passwall                 Tmut/Erth      19%        N/A       2%          2
 Apportation              Tloc           10%        N/A       11%         1
 Necrotise                Necr           20%        1d5       11%         1
 Summon Small Mammal      Summ           20%        N/A       11%         1
 Blink                    Tloc           10%        N/A       17%         2
 Petrify                  Tmut/Erth      23%        N/A       17%         4
 Animate Dead             Necr           5%         N/A       73%         4
 Manifold Assault         Tloc           5%         N/A       73%         4
 Haunt                    Necr/Summ      2%         N/A       100%        7
 Storm Form               Tmut/Air       3%         N/A       100%        7
 Infestation              Necr           2%         N/A       100%        8


Dungeon Overview and Level Annotations

Branches:
Dungeon (8/15)             Temple (1/1) D:7
   Lair: D:8-11

Altars:
Cheibriados
Fedhas
Gozag
Hepliaklqana
Makhleb
Nemelex Xobeh
Okawaru
Qazlal
Ru
Sif Muna
Trog
Uskayaw
Vehumet
Wu Jian
Xom
Yredelemnul
The Shining One

Shops:
D:3 [

Annotations:
D:6 2 transporters, dialectric's ghost, amateur DsFi
D:8 Maggie


Innate Abilities, Weirdness & Mutations

You are immune to sickness and miasma.
Your stone body is resilient. (AC +7)
You are immune to poison.
You resist negative energy. (rN+)
You are resistant to electric shocks. (rElec)
You are resistant to unholy torment.
You are immune to petrification.


Message History

Casting: Sandblast (safe; 1% risk of failure)
Confirm with . or Enter, or press ? or * to list all spells.
Aiming: Sandblast (safe; 1% risk of failure)
Press: ? - help, Shift-Dir - straight line, f/p - Maggie
Aim: Maggie, wielding a +0 war axe and wearing +1 swamp dragon scales (moderately wounded, mesmerising, strong, 86% to hit)
The blast of sand hits Maggie but does no damage.
Maggie is moderately wounded.
Maggie hits you with a +0 war axe! Maggie misses you.
Casting: Sandblast (safe; 1% risk of failure)
Confirm with . or Enter, or press ? or * to list all spells.
Aiming: Sandblast (safe; 1% risk of failure)
Press: ? - help, Shift-Dir - straight line, f/p - Maggie
Aim: Maggie, wielding a +0 war axe and wearing +1 swamp dragon scales (moderately wounded, mesmerising, strong, 86% to hit)
The blast of sand hits Maggie!
Maggie is heavily wounded.
You break out of your daze.
Maggie gestures wildly while chanting.
Maggie attempts to bespell you! You resist.
Casting: Sandblast (safe; 1% risk of failure)
Confirm with . or Enter, or press ? or * to list all spells.
Aiming: Sandblast (safe; 1% risk of failure)
Press: ? - help, Shift-Dir - straight line, f/p - Maggie
Aim: Maggie, wielding a +0 war axe and wearing +1 swamp dragon scales (heavily wounded, strong, 86% to hit)
The blast of sand hits Maggie!
Maggie is severely wounded.
Maggie hits you with a +0 war axe!
* * * LOW HITPOINT WARNING * * *
Maggie casts a spell at you. The bolt of fire hits you!
* * * LOW HITPOINT WARNING * * *
Casting: Sandblast (safe; 1% risk of failure)
Confirm with . or Enter, or press ? or * to list all spells.
Aiming: Sandblast (safe; 1% risk of failure)
Press: ? - help, Shift-Dir - straight line, f/p - Maggie
Aim: Maggie, wielding a +0 war axe and wearing +1 swamp dragon scales (severely wounded, strong, 86% to hit)
The blast of sand hits Maggie!
Maggie is almost dead.
Maggie points at you and mumbles some strange words.
The bolt of fire hits you!!
You die...

#...##.###........
#.#.)).....######.
#...##.##.##
######.#...#
#......#...
#..#..###...###
#....##.##....o
#...###'###..#
##..#...@@..#..
##..###.....##
##..##.##...##
##..###'###.###+##
#..................
########.....$.....
############


You could see Maggie (strong).

Vanquished Creatures
  A troll (D:6)
  Sigmund (D:6)
  A basilisk (D:8)
  A steam dragon (D:6)
  Duvessa (D:7)
  A water moccasin (D:7)
  An orc warrior (D:6)
  2 sky beasts
  2 ice beasts
  5 black bears
  2 ogres
  2 phantoms (D:4)
  A bullfrog (D:6)
  A necrophage (D:7)
  2 scorpions
  5 wights (D:7)
  Dowan (D:7)
  A howler monkey (D:8)
  2 quasits (D:4)
  A hound (D:4)
  2 jellies
  2 orc priests
  4 iguanas
  Natasha (thrice) (D:2)
  6 orc wizards
  7 gnolls
  3 adders
  2 shadow imps
  2 white imps
  2 ufetubi (D:4)
  2 worms (D:2)
  4 dart slugs
  17 orcs
  8 endoplasms
  5 giant cockroaches
  3 hobgoblins
  3 jackals (D:5)
  9 kobolds
  3 quokkas
  9 ball pythons
  5 bats
  2 frilled lizards
  4 goblins
  A hobgoblin zombie (D:8)
  A kobold zombie (D:8)
  9 rats
152 creatures vanquished.

Vanquished Creatures (others)
  An orc (D:7)
  7 demonic plants (D:4)
  4 fungi (D:8)
  38 plants
50 creatures vanquished.

Grand Total: 202 creatures vanquished

Notes
Turn   | Place    | Note
-------+----------+-------------------------------------------
     0 | D:1      | mandoloar the Gargoyle Earth Elementalist began the quest
                  | for the Orb.
     0 | D:1      | Reached XP level 1. HP: 10/10 MP: 3/3
   309 | D:1      | Found a faded altar of an unknown god.
   496 | D:1      | Reached XP level 2. HP: 16/16 MP: 3/5
   498 | D:1      | Reached skill level 1 in Fighting
   651 | D:1      | Reached skill level 4 in Earth Magic
  1214 | D:2      | Noticed Natasha
  1218 | D:2      | Killed Natasha
  1219 | D:2      | Reached skill level 1 in Armour
  1219 | D:2      | Reached XP level 3. HP: 21/21 MP: 3/6
  1605 | D:2      | Reached XP level 4. HP: 19/26 MP: 4/7
  1636 | D:2      | Learned a level 3 spell: Stone Arrow
  2293 | D:2      | Noticed Natasha
  2298 | D:2      | Killed Natasha
  2299 | D:2      | Reached skill level 1 in Conjurations
  2299 | D:2      | Reached XP level 5. HP: 31/31 MP: 5/9
  2400 | D:2      | Noticed Natasha
  2404 | D:2      | Killed Natasha
  3344 | D:3      | Upgraded the game from 0.30-a0-800-g7c544603b3 to
                  | 0.30-a0-802-gb92711bcdf
  3559 | D:3      | Found Icobintai's Armour Boutique.
  3649 | D:3      | Found a sparkling altar of Nemelex Xobeh.
  3994 | D:3      | Reached skill level 5 in Earth Magic
  3994 | D:3      | Reached XP level 6. HP: 36/36 MP: 6/10
  4886 | D:4      | Found a hazy altar of Hepliaklqana.
  5170 | D:4      | Reached XP level 7. HP: 41/41 MP: 9/12
  5963 | D:5      | Entered Level 5 of the Dungeon
  6615 | D:5      | Reached skill level 6 in Earth Magic
  6615 | D:5      | Reached XP level 8. HP: 37/48 MP: 6/14
  7538 | D:6      | Found a snail-covered altar of Cheibriados.
  7958 | D:6      | Identified the +0 scale mail of Lugonu's Benevolence {rElec
                  | Regen+ Str+4}
  7979 | D:6      | Found a transporter.
  7983 | D:6      | Found a burning altar of Makhleb.
  8282 | D:6      | Reached skill level 5 in Fighting
  8528 | D:6      | Noticed dialectric's ghost (amateur DsFi)
  8727 | D:6      | Found a transporter.
  8737 | D:6      | Noticed Sigmund
  8741 | D:6      | Killed Sigmund
  8742 | D:6      | Reached skill level 5 in Armour
  8742 | D:6      | Reached skill level 5 in Spellcasting
  8742 | D:6      | Reached skill level 7 in Earth Magic
  8742 | D:6      | Reached XP level 9. HP: 54/54 MP: 12/16
  8744 | D:6      | Found an iron altar of Okawaru.
  9024 | D:7      | Noticed Duvessa
  9024 | D:7      | Noticed Dowan
  9041 | D:6      | Noticed a troll
  9049 | D:6      | Killed a troll
  9050 | D:6      | Reached skill level 5 in Conjurations
  9307 | D:7      | Found a staircase to the Ecumenical Temple.
  9798 | Temple   | Entered the Ecumenical Temple
  9820 | Temple   | Became a worshipper of Vehumet
  9984 | D:7      | Killed Duvessa
 10204 | D:7      | Killed Dowan
 11530 | D:7      | Identified the +1 plate armour of Jycaf {*Slow rC+ Str+5
                  | SInv}
 11766 | D:8      | Found a blossoming altar of Fedhas.
 11801 | D:8      | Reached skill level 8 in Earth Magic
 12081 | D:8      | Reached XP level 10. HP: 61/61 MP: 13/19
 12226 | D:8      | Noticed Maggie
 12243 | D:8      | Killed from afar by Maggie

Illustrated notes

Levels and vault maps discovered:
D:1:      ncdulo_wetmaze, layout_basic, ebering_ecumenical_altar_webs,
          serial_park_tiny_1, minmay_fountain_box, minmay_stone_trees_small,
          minivault_4, hex_intersection
D:2:      layout_loops_corners, grunt_decor_resistance, minmay_liquid_box,
          chequers_serial_rivers_micro_b, minmay_puff, uniq_natasha
D:3:      minmay_recursive_quarters, layout_basic, nemelex_diamond_rough_becter,
          serial_shops, nicolae_diamond_shop, grunt_ministairs_5
D:4:      layout_basic, nicolae_hepliaklqana_hazy_memory, serial_demonic,
          serial_demonic_a, serial_demonic_b, serial_demonic_g, serial_demonic_g
D:5:      layout_basic
D:6:      layout_loops_corners, bloody_makhleb,
          mainiacjoe_overflow_small_starburst, mainiacjoe_overflow_chevrons,
          gammafunk_ghost_gnarly_gnolls, wad_woods_river_04, uniq_sigmund
D:7:      layout_loops_ring, minmay_temple_entry_large_hall,
          hangedman_decor_peaks_small, uniq_duvessa
D:8:      layout_loops_ring, mainiacjoe_overflow_catwalk,
          mainiacjoe_overflow_brackets, grunt_temple_overflow_open,
          minmay_lair_entry_grove, serial_shops, shop_statue,
          nicolae_ossuary_entry_giza, uniq_maggie
Temple:   nicolae_temple_ecumenical_triangle

Skill      XL: |  1  2  3  4  5  6  7  8  9 |
---------------+----------------------------+-----
Fighting       | 1 2 3 4 5 6 |  6.8
Earth Magic    | 4 5 6 7 8 |  8.4
Armour         | 1 2 3 5 6 |  6.6
Conjurations   | 1 2 3 4 6 |  6.4
Spellcasting   | 3 4 5 6 |  6.1
Dodging        | |  1.5
Stealth        | |  2.1
Transmutations | |  0.7

Action                     |  1- 3 |  4- 6 |  7- 9 | 10-12 || total
---------------------------+-------+-------+-------+-------++-------
  Melee: Flail             |       |       |     8 |       ||     8
   Cast: Sandblast         |    41 |    99 |   211 |    18 ||   369
         Stone Arrow       |       |       |     5 |       ||     5
    Use: Scroll            |       |     9 |     3 |       ||    12
         Potion            |       |       |     2 |       ||     2
 Armour: Robe              |    10 |    49 |     8 |       ||    67
         Leather armour    |       |       |    58 |       ||    58
         Steam dragon scal |       |       |    51 |     2 ||    53
  Dodge: Dodged            |    12 |    66 |   116 |     8 ||   202

Table legend: (Time is in decaauts)
 A = Elapsed time spent in this place.
 B = Non-inter-level travel time spent in this place.
 C = Inter-level travel time spent in this place.
 D = Time resting spent in this place.
 E = Time spent auto-exploring this place.
 F = Levels seen in this place.
 G = Mean time per level.
                   A        B        C        D        E       F      G
               +--------+--------+--------+--------+--------+-----+--------+
         Total |  12445 |  11563 |    882 |   5227 |   4549 |   9 | 1382.8 |
       Dungeon |  12285 |  11408 |    877 |   5127 |   4512 |   8 | 1535.6 |
        Temple |    160 |    155 |      5 |    100 |     37 |   1 |  160.0 |
               +--------+--------+--------+--------+--------+-----+--------+

Top non-repeatable levels by time:
     D:6: 2971 daAuts
     D:2: 1971 daAuts
     D:4: 1871 daAuts
     D:5: 1303 daAuts
     D:3: 1272 daAuts
     D:7: 1272 daAuts
     D:1: 1213 daAuts
     D:8: 408 daAuts
  Temple: 160 daAuts
